 Dungeon Crawl Stone Soup version 0.21.1-1-g345015f (webtiles) character file.

4013 xccam the Grappler (level 10, -10/104 HPs)
             Began as a Troll Monk on Feb 28, 2018.
             Was a Priest of Dithmenos.
             Mangled by a two-headed ogre
             ... wielding a +0 giant spiked club
              (11 damage)
             ... on level 8 of the Dungeon.
             The game lasted 00:14:32 (6035 turns).

xccam the Grappler (Troll Monk)                     Turns: 6035, Time: 00:14:32

Health: -10/104    AC:  7    Str: 27    XL:     10   Next: 3%
Magic:  9/9        EV: 12    Int:  6    God:    Dithmenos [***...]
Gold:   414        SH:  0    Dex: 14    Spells: 9/9 levels left

rFire    + . .     SeeInvis +     - Unarmed
rCold    . . .     Gourm    +   (no shield)
rNeg     . . .     Faith    +   o - +2 robe {MR+}
rPois    .         Spirit   .   (helmet restricted)
rElec    +         Reflect  .   (no cloak)
rCorr    .         Harm     .   (gloves unavailable)
MR       ++...                  (boots unavailable)
Stlth    ++........             p - amulet of faith
HPRegen  0.67/turn              f - ring of the Amoeba {Wiz rElec rF+ MR+}
MPRegen  0.11/turn              B - ring of see invisible

@: mighty, wreathed by umbra
A: large, unfitting armour, claws 3, fast metabolism 3, gourmand, regeneration
1, shaggy fur 1, tough skin 2
a: Shadow Step, Renounce Religion


You were on level 8 of the Dungeon.
You worshipped Dithmenos.
Dithmenos was most pleased with you.
You were full.

You visited 2 branches of the dungeon, and saw 9 of its levels.

You collected 414 gold pieces.

Inventory:

Armour
 o - a +2 robe of magic resistance (worn)
Jewellery
 f - the ring of the Amoeba (left claw) {Wiz rElec rF+ MR+}
   (You found it on level 4 of the Dungeon)

   [ring of wizardry]

   It improves your spell success rate.
   It protects you from fire.
   It insulates you from electricity.
   It affects your resistance to hostile enchantments.
 l - an uncursed amulet of rage
 p - an amulet of faith (around neck)
 B - a ring of see invisible (right claw)
Wands
 q - a wand of digging (12)
 u - a wand of iceblast (5)
 v - a wand of polymorph (12)
 x - a wand of disintegration (19)
 y - a wand of clouds (3)
 C - a wand of acid (8)
Scrolls
 c - 10 scrolls of remove curse
 d - 4 scrolls of teleportation
 e - a scroll of enchant armour {unknown}
 j - 2 scrolls of noise {unknown}
 k - 2 scrolls of amnesia {unknown}
 m - a scroll of magic mapping {unknown}
 r - a scroll of enchant weapon {unknown}
 w - 5 scrolls of identify
Potions
 a - 3 potions of magic
 g - 2 potions of haste
 h - a potion of mutation {unknown}
 i - 2 potions of heal wounds
 n - 5 potions of curing
 z - 2 potions of degeneration {unknown}
 D - a potion of flight
 E - 2 potions of cancellation {unknown}
Books
 s - a book of Changes

   Spells                             Type                      Level
   a - Beastly Appendage              Transmutation                1
   b - Sticks to Snakes               Transmutation                2
   c - Spider Form                    Transmutation/Poison         3
   d - Ice Form                       Ice/Transmutation            4
   e - Blade Hands                    Transmutation                5
 t - a book of Conjurations

   Spells                             Type                      Level
   a - Magic Dart                     Conjuration                  1
   b - Searing Ray                    Conjuration                  2
   c - Dazzling Spray                 Conjuration/Hexes            3
   d - Fulminant Prism                Conjuration/Hexes            4
   e - Force Lance                    Conjuration/Translocation    4
   f - Iskenderun's Mystic Blast      Conjuration                  4
Comestibles
 b - 10 rations


   Skills:
 - Level 8.2 Fighting
 + Level 4.8 Dodging
 - Level 1.0 Stealth
 - Level 10.4 Unarmed Combat


You had 9 spell levels left.
You didn't know any spells.

Dungeon Overview and Level Annotations

Branches:
Dungeon (8/15)             Temple (1/1) D:7
   Lair: D:8-11

Altars:
Ashenzari
Cheibriados
Dithmenos
Elyvilon
Fedhas
Gozag
Hepliaklqana
Kikubaaqudgha
Makhleb
Nemelex Xobeh
Okawaru
Qazlal
Sif Muna
Trog
Uskayaw
Vehumet
Wu Jian
Xom
Yredelemnul
Zin
The Shining One


Innate Abilities, Weirdness & Mutations

You are too large for most types of armour.
You have claws for hands.
Your metabolism is lightning-fast.
You like to eat raw meat.
Your natural rate of healing is unusually fast.
You are covered in fur. (AC +1)
You have very tough skin. (AC +2)


Message History

You are too injured to fight recklessly!
You are too injured to fight recklessly!
You are too injured to fight recklessly!
You are too injured to fight recklessly!
Okay, then.
Okay, then.
You feel very mighty all of a sudden.
You claw the two-headed ogre!
The two-headed ogre is lightly wounded.
The two-headed ogre hits you with a giant spiked club!!
The two-headed ogre hits you with a giant club!!
* * * LOW HITPOINT WARNING * * *
You claw the two-headed ogre! You claw the two-headed ogre.
The two-headed ogre is heavily wounded.
You scratch the two-headed ogre.
The two-headed ogre is severely wounded.
The two-headed ogre hits you with a giant spiked club!
* * * LOW HITPOINT WARNING * * *
The two-headed ogre hits you with a giant club!
You die...

#. ##.#.## #. ##
########.###.## # #. ..
<.......## ##.# ###.#.#####.#
########.###.## ..........>.#
##.#.## #...##...########
###.### ................#
#.....#
###.##...######O########.###.#
......[## #.@...)....# #.#
.##.#...# #####.####.###.# #
#<..# #.# #.....# ......
##.####.#.#.#### #......
##.#.##..........
#.......#######.###.#..#....###
#.#... ........## ##......#....
########.###.#..##...##.
##.#.##..###.#...


You could see a two-headed ogre.

Vanquished Creatures
  Pikel (D:7)
  The ghost of kolakolka the Ruffian, a novice TrMo (D:5)
  The ghost of homeworkjunkie the Chopper, an amateur HOFi (D:4)
  Grinder (D:3)
  Prince Ribbit (D:6)
  Sigmund (D:6)
  Grum (D:8)
  2 water moccasins
  Duvessa (D:6)
  2 slaves (D:7)
  A phantom (D:4)
  A sky beast (D:7)
  A black bear (D:7)
  2 ogres
  3 wolves (D:8)
  Dowan (D:6)
  6 scorpions
  5 wights (D:6)
  A howler monkey (D:7)
  2 vampire bats (D:7)
  2 crimson imps (D:5)
  5 orc wizards
  Natasha (thrice) (D:3)
  An iguana (D:6)
  4 worker ants
  A worker ant zombie (D:5)
  3 gnolls (D:5)
  8 adders
  2 shadow imps
  2 oozes
  2 worms
  3 adder skeletons
  3 dart slugs (D:1)
  2 leopard geckos
  22 orcs
  2 giant cockroaches
  15 goblins
  11 hobgoblins
  23 jackals
  4 kobolds
  5 quokkas
  14 bats
  5 frilled lizards
  A leopard gecko skeleton (D:8)
  A quokka skeleton (D:4)
  11 rats
  2 fungi (D:4)
192 creatures vanquished.

Notes
Turn   | Place    | Note
-------+----------+-------------------------------------------
     0 | D:1      | xccam the Troll Monk began the quest for the Orb.
     0 | D:1      | Reached XP level 1. HP: 22/22 MP: 0/0
    52 | D:1      | Reached XP level 2. HP: 29/29 MP: 1/1
   291 | D:1      | Reached skill level 4 in Unarmed Combat
   517 | D:1      | Reached XP level 3. HP: 36/36 MP: 2/2
   823 | D:2      | Found a shattered altar of Ashenzari.
   825 | D:2      | Noticed a scorpion
   847 | D:2      | Killed a scorpion
   847 | D:2      | Reached skill level 5 in Unarmed Combat
   847 | D:2      | Reached XP level 4. HP: 27/44 MP: 3/3
  1424 | D:3      | Reached XP level 5. HP: 46/50 MP: 4/4
  1474 | D:3      | Noticed Grinder
  1484 | D:3      | Killed Grinder
  1484 | D:3      | Reached skill level 7 in Unarmed Combat
  1484 | D:3      | Reached XP level 6. HP: 45/59 MP: 5/5
  1737 | D:3      | Noticed Natasha
  1745 | D:3      | Killed Natasha
  2061 | D:3      | Noticed Natasha
  2066 | D:3      | Killed Natasha
  2229 | D:3      | Noticed Natasha
  2234 | D:3      | Killed Natasha
  2423 | D:4      | Reached skill level 8 in Unarmed Combat
  2423 | D:4      | Reached XP level 7. HP: 51/66 MP: 6/6
  2454 | D:4      | Got a coiled silver ring
  2455 | D:4      | Identified the ring of the Amoeba {Wiz rElec rF+ MR+} (You found it on level 4 of the Dungeon)
  2717 | D:4      | Found a white marble altar of Elyvilon.
  2756 | D:4      | Noticed homeworkjunkie's ghost (amateur HOFi)
  2788 | D:4      | Killed homeworkjunkie's ghost
  2788 | D:4      | Reached XP level 8. HP: 40/79 MP: 7/7
  2824 | D:4      | Reached skill level 9 in Unarmed Combat
  3079 | D:5      | Entered Level 5 of the Dungeon
  3101 | D:5      | Reached skill level 5 in Fighting
  3168 | D:5      | You fall through a shaft!
  3195 | D:6      | Noticed Prince Ribbit
  3228 | D:6      | Killed Prince Ribbit
  3372 | D:5      | Found a faded altar of an unknown god.
  3372 | D:5      | Found a sparkling altar of Nemelex Xobeh.
  3377 | D:5      | Found a shimmering altar of Xom.
  3379 | D:5      | Found an ornate altar of the Wu Jian Council.
  3381 | D:5      | Found a shattered altar of Ashenzari.
  3413 | D:5      | Noticed kolakolka's ghost (novice TrMo)
  3437 | D:5      | Killed kolakolka's ghost
  3437 | D:5      | Reached XP level 9. HP: 10/92 MP: 8/8
  4326 | D:6      | Noticed Duvessa
  4329 | D:6      | Noticed Dowan
  4340 | D:6      | Killed Duvessa
  4340 | D:6      | Reached skill level 10 in Unarmed Combat
  4342 | D:6      | Killed Dowan
  4373 | D:6      | Found a hazy altar of Hepliaklqana.
  4376 | D:6      | Noticed Sigmund
  4393 | D:6      | Killed Sigmund
  4764 | D:7      | Noticed Pikel
  4790 | D:7      | Killed Pikel
  5150 | D:7      | Found a staircase to the Ecumenical Temple.
  5181 | Temple   | Entered the Ecumenical Temple
  5459 | D:5      | Became a worshipper of Dithmenos the Shadowed
  5459 | D:5      | Reached * piety under Dithmenos
  5459 | D:5      | Reached ** piety under Dithmenos
  5957 | D:8      | Noticed Grum
  5971 | D:8      | Killed Grum
  5971 | D:8      | Reached *** piety under Dithmenos
  5971 | D:8      | Reached XP level 10. HP: 44/104 MP: 9/9
  6016 | D:8      | Noticed a two-headed ogre
  6035 | D:8      | HP: 1/104 [two-headed ogre/giant spiked club (11)]
  6035 | D:8      | Mangled by a two-headed ogre

Skill      XL: |  1  2  3  4  5  6  7  8  9 |
---------------+----------------------------+-----
Unarmed Combat | 4 5 7 8 9 10 | 10.4
Fighting       | 4 6 8 |  8.2
Dodging        | 4 |  4.8
Stealth        | |  1.0

Action                   |  1- 3 |  4- 6 |  7- 9 | 10-12 || total
-------------------------+-------+-------+-------+-------++-------
Melee: Unarmed           |    81 |   122 |   339 |    12 ||   554
       Punch             |     3 |     3 |    10 |     1 ||    17
  Use: Scroll            |       |       |     5 |       ||     5
       Potion            |       |       |     5 |     1 ||     6
 Stab: Held in net/web   |       |       |     1 |       ||     1
       Sleeping          |       |       |     6 |       ||     6
       Distracted        |       |       |     1 |       ||     1
  Eat: Chunk             |     6 |    18 |    22 |     4 ||    50
       Ration            |       |       |     2 |       ||     2
Armor: Robe              |    31 |    25 |   116 |     1 ||   173
Dodge: Dodged            |    42 |    58 |   163 |     7 ||   270
